 Dungeon Crawl Stone Soup version 0.28-a0-1510-gd0f6b136d3 (webtiles) character file.

Game seed: 3204066149425192559

39 croobank the Chucker (level 3, -2/37 HPs)
             Began as an Ogre Hunter on Jan 14, 2022.
             Was a Follower of Uskayaw.
             Slain by a goblin (6 damage)
             ... led by Robin
             ... on level 2 of the Dungeon.
             The game lasted 00:05:20 (1438 turns).

croobank the Chucker (Ogre Hunter)                  Turns: 1438, Time: 00:05:23

Health: -2/37      AC:  7    Str: 16    XL:     3   Next: 47%
Magic:  3/3        EV: 10    Int: 12    God:    Uskayaw [*.....]
Gold:   58         SH:  0    Dex: 11    Spells: 2/2 levels left

rFire   . . .      SeeInvis .   a - +0 short sword
rCold   . . .      Faith    .   (no shield)
rNeg    . . .      Spirit   .   b - +0 robe
rPois   .          Reflect  .   (helmet restricted)
rElec   .          Harm     .   (no cloak)
rCorr   .          Rampage  .   (gloves unavailable)
Will    .....                   (boots unavailable)
Stlth   ++........              (no amulet)
HPRegen 0.12/turn               i - +4 ring of protection
MPRegen 0.08/turn               (no ring)

@: mighty
A: large, unfitting armour, tough skin 1
a: Renounce Religion, Stomp


You were on level 2 of the Dungeon.
You worshipped Uskayaw.
Uskayaw was noncommittal.
You visited 1 branch of the dungeon, and saw 2 of its levels.

You collected 58 gold pieces.

Inventory:

Hand Weapons
 a - a +0 short sword (weapon)
Missiles
 d - 3 throwing nets (quivered)
 k - 31 stones
Armour
 b - a +0 robe (worn)
Magical Staves
 n - a staff of conjuration
Jewellery
 i - a +4 ring of protection (left hand)
Scrolls
 e - 2 scrolls of identify {unknown}
 g - a scroll of magic mapping {unknown}
 m - a scroll of silence {unknown}
Potions
 l - a potion of curing {unknown}


   Skills:
 + Level 3.4 Fighting
 + Level 4.2 Throwing
 + Level 2.2 Dodging
 + Level 1.4 Stealth


You had 2 spell levels left.
You didn't know any spells.
Your spell library was empty.

Dungeon Overview and Level Annotations

Branches:
Dungeon (2/15)

Altars:
Uskayaw

Annotations:
D:2 Robin


Innate Abilities, Weirdness & Mutations

You are too large for most types of armour.
You have tough skin. (AC +1)


Message History

You barely miss the hobgoblin.
The goblin no longer looks unusually strong.
The hobgoblin closely misses you. The hobgoblin barely misses you.
The goblin hits you but does no damage. x2; Robin hits you but does no damage.
The goblin hits you but does no damage. The hobgoblin barely misses you.
You closely miss the hobgoblin. The hobgoblin hits you.
The goblin hits you with a +0 club. The goblin barely misses you.
Robin barely misses you. The goblin hits you but does no damage.
The hobgoblin hits you. x2
You hit the hobgoblin.
The hobgoblin is severely wounded.
The goblin barely misses you. The goblin hits you but does no damage.
Robin barely misses you. The goblin barely misses you.
The hobgoblin barely misses you. The hobgoblin hits you.
* * * LOW HITPOINT WARNING * * *
The goblin closely misses you.
It was a potion of might.
You feel very mighty all of a sudden. The goblin hits you with a +0 club.
* * * LOW HITPOINT WARNING * * *
Robin hits you from afar with a +0 spear.
* * * LOW HITPOINT WARNING * * *
The goblin hits you with a +0 club.
* * * LOW HITPOINT WARNING * * *
The hobgoblin hits you but does no damage. x2
The goblin hits you but does no damage.
You barely miss the goblin. The goblin hits you but does no damage.
Robin roars a battlecry!
The goblin goes into a battle-frenzy!
The goblin closely misses you. The hobgoblin closely misses you.
The hobgoblin hits you but does no damage.
The goblin closely misses you.
You closely miss the goblin. The goblin hits you but does no damage.
Robin's horned helmet rattles.
Robin barely misses you.
A giant cockroach comes into view.
The goblin hits you but does no damage.
The hobgoblin hits you but does no damage.
The hobgoblin barely misses you. The goblin hits you with a +0 club.
You die...

#. . .## ...
#.# #.# #r#
# # ##g## .#
#
#.##.g@##..#
#
#....gggg..#
#
####...#...#
##.##.(.B..#
### #.#
.###.#. ..#
#.##.# # ..#
#....### #
..#
##.....#.#
..#
#[....#.###


You could see Robin, a giant cockroach, 2 hobgoblins, 3 goblins and a rat.

Vanquished Creatures
  3 ball pythons
  4 endoplasms (D:1)
  A giant cockroach (D:1)
  8 goblins
  3 hobgoblins
  6 jackals (D:1)
  3 kobolds (D:1)
  A quokka (D:1)
  2 rats
31 creatures vanquished.

Notes
Turn   | Place    | Note
-------+----------+-------------------------------------------
     0 | D:1      | croobank the Ogre Hunter began the quest for the Orb.
     0 | D:1      | Reached XP level 1. HP: 22/22 MP: 1/1
   339 | D:1      | Found a faded altar of an unknown god.
   344 | D:1      | Prayed at the altar of an unknown god.
   344 | D:1      | Became a worshipper of Uskayaw the Reveller
   344 | D:1      | Reached * piety under Uskayaw
   467 | D:1      | Reached skill level 1 in Stealth
   467 | D:1      | Reached XP level 2. HP: 31/31 MP: 2/2
   638 | D:1      | Reached ** piety under Uskayaw
   921 | D:1      | Reached XP level 3. HP: 30/37 MP: 3/3
  1399 | D:2      | Identified the +2 ring mail "Suneom" {Harm}
  1411 | D:2      | Noticed Robin
  1438 | D:2      | Slain by a goblin

Illustrated notes

Levels and vault maps discovered:
D:1:      giann_forest_graveyard, layout_basic, ebering_ecumenical_altar_hall
D:2:      layout_loops_ring, amethyst_killhole, dk_noncrumbling_4, uniq_natasha,
          uniq_robin

Skill      XL: |  1 |
---------------+----+-----
Fighting       | 3 |  3.4
Dodging        | 2 |  2.2
Stealth        | 1 |  1.4
Throwing       | |  4.2

Action                   || total
-------------------------++-------
Melee: Short sword       ||   148
       Punch             ||     2
Throw: Large rock        ||     8
       Throwing net      ||     1
  Use: Potion            ||     4
 Stab: Sleeping          ||     3
Armor: Robe              ||   133
Dodge: Dodged            ||   131

Table legend: (Time is in decaauts)
 A = Elapsed time spent in this place.
 B = Non-inter-level travel time spent in this place.
 C = Inter-level travel time spent in this place.
 D = Time resting spent in this place.
 E = Time spent auto-exploring this place.
 F = Levels seen in this place.
 G = Mean time per level.
                   A        B        C        D        E       F      G
               +--------+--------+--------+--------+--------+-----+--------+
         Total |   1458 |   1441 |     17 |     96 |    926 |   2 |  729.0 |
       Dungeon |   1458 |   1441 |     17 |     96 |    926 |   2 |  729.0 |
               +--------+--------+--------+--------+--------+-----+--------+

Top non-repeatable levels by time:
     D:1: 1327 daAuts
     D:2: 131 daAuts
